 Dungeon Sprint DCSS version bcrawl-1.26.1 (webtiles) character file.

Game seed: 6974047154038692672

306112 Freyura the Covert (level 7, -8/59 HPs)
             Began as a Vampire Gladiator on July 11, 2020.
             Was an Initiate of Dithmenos.
             Mangled by Sonja
             ... wielding a +2 dagger of distortion
              (11 damage)
             ... in the Dungeon (Sprint I: "Red Sonja").
             The game lasted 00:04:10 (2303 turns).

Freyura the Covert (Vampire Gladiator)              Turns: 2303, Time: 00:04:10

Health: -8/59      AC:  3    Str: 17    XL:     7   Next: 25%
Magic:  7/7        EV: 18    Int:  8    God:    Dithmenos [......]
Gold:   420        SH:  0    Dex: 17    Spells: 6/6 levels left

rFire    . . .     SeeInvis +   a - +0 rapier
rCold    + . .     Gourm    .   (no shield)
rNeg     + + .     Faith    .   m - +0 robe
rPois    ∞         Spirit   .   c - +0 helmet
rElec    .         Reflect  .   (no cloak)
rCorr    .         Harm     .   (no gloves)
MR       .....     NoTele   +   (no boots)
Stlth    ++++++++..             (no amulet)
HPRegen  0.09/turn              (no ring)
MPRegen  0.10/turn              (no ring)

@: bloodless, regenerating slowly, hasted, very quick
A: claws 1, fangs 3, see invisible, unbreathing
a: Renounce Religion


You were in the Dungeon.
You worshipped Dithmenos.
Dithmenos was noncommittal.
You were bloodless.

You visited 1 branch You collected 420 gold pieces.

Inventory:

Hand Weapons
 a - a +0 rapier (weapon)
Missiles
 d - 3 throwing nets {=f}
Armour
 c - a +0 helmet (worn)
 m - a +0 robe (worn)
Wands
 e - a wand of polymorph (6)
 l - a wand of flame (14)
Scrolls
 k - a scroll of blinking
Potions
 f - 2 potions of curing
 i - 2 potions of magic
 j - a potion of berserk rage


   Skills:
 + Level 6.7 Fighting
 + Level 9.2 Short Blades
 - Level 1.5 Throwing
 + Level 8.4 Dodging
 * Level 14.6 Stealth


You had 6 spell levels left.
You didn't know any spells.
Your spell library was empty.

Dungeon Overview and Level Annotations

Branches:
Dungeon (1/1)

Altars:
Cheibriados
Dithmenos
Elyvilon
Fedhas
Gozag
Hepliaklqana
Kikubaaqudgha
Lugonu
Makhleb
Nemelex Xobeh
Okawaru
Qazlal
Ru
Sif Muna
Trog
Uskayaw
Vehumet
Wu Jian
Xom
Yredelemnul
Zin
The Shining One
Jiyva

Shops:
D !

Annotations:
D Sonja


Innate Abilities, Weirdness & Mutations

You heal slowly.
You are immune to poison.
You have sharp fingernails.
You have razor-sharp teeth.
You have supernaturally acute eyesight. (SInv)
You can survive without breathing.


Message History

Sonja unwields a +0 blowgun.
Sonja wields a +2 dagger of distortion.
Its appearance distorts for a moment.
Sonja hits you with a +2 dagger of distortion.
* * * LOW HITPOINT WARNING * * *
You feel a strange sense of stasis.
Sonja hits you with a +2 dagger of distortion.
* * * LOW HITPOINT WARNING * * *
You feel a strange sense of stasis. Sonja closely misses you.
You closely miss Sonja.
Sonja is moderately wounded.
You completely miss Sonja.
Sonja is moderately wounded.
Sonja hits you with a +2 dagger of distortion.
* * * LOW HITPOINT WARNING * * *
Space bends around you.
* * * LOW HITPOINT WARNING * * *
Sonja hits you with a +2 dagger of distortion.
* * * LOW HITPOINT WARNING * * *
Space warps horribly around you!
You die...

######################
#<.#..'..#.['..#__#..+
#..').#.)'..#..'^.'..#
#..#####'#####'#__####
#..####..#...#K####
#..#__####..##@#
#..#_____##'#_.+
#⌠⌠#_.∩...'..._#
####_..__##_.#'#
#_____###'#%# #######
#.### +$.$+ #$.$#
##.##


You could see Sonja.

Vanquished Creatures
  A slime creature (D)
  Sigmund (D)
  A yak (D)
  An ogre (D)
  A jelly (D)
  Ijyb (D)
6 creatures vanquished.

Notes
Turn   | Place    | Note
-------+----------+-------------------------------------------
     0 | D        | Freyura the Vampire Gladiator began the quest for the Orb.
     0 | D        | Reached XP level 1. HP: 16/16 MP: 1/1
     2 | D        | Noticed Ijyb
    10 | D        | Killed Ijyb
    10 | D        | Reached skill level 5 in Stealth
    10 | D        | Reached XP level 2. HP: 23/23 MP: 2/2
    53 | D        | Noticed an ogre
    64 | D        | Killed an ogre
    64 | D        | Reached skill level 5 in Dodging
    64 | D        | Reached skill level 9 in Stealth
    64 | D        | Reached XP level 3. HP: 6/30 MP: 3/3
    64 | D        | Reached XP level 4. HP: 8/37 MP: 4/4
   186 | D        | Noticed Sigmund
   200 | D        | Killed Sigmund
   200 | D        | Reached skill level 5 in Fighting
   200 | D        | Reached skill level 11 in Stealth
   200 | D        | Reached XP level 5. HP: 9/44 MP: 5/5
   334 | D        | Found an ornate altar of the Wu Jian Council.
   334 | D        | Found a shimmering blue altar of Sif Muna.
   339 | D        | Found a radiant altar of Vehumet.
   343 | D        | Reached skill level 12 in Stealth
   343 | D        | Reached XP level 6. HP: 51/51 MP: 6/6
   346 | D        | Found Plog's Distillery.
   346 | D        | Found an ancient bone altar of Kikubaaqudgha.
   346 | D        | Found a hazy altar of Hepliaklqana.
   346 | D        | Found a stormy altar of Qazlal.
   346 | D        | Found a hide-covered altar of Uskayaw.
   346 | D        | Found a blossoming altar of Fedhas.
   346 | D        | Found a bloodstained altar of Trog.
   346 | D        | Found an iron altar of Okawaru.
   346 | D        | Found a basalt altar of Yredelemnul.
   346 | D        | Found a glowing golden altar of the Shining One.
   346 | D        | Found a snail-covered altar of Cheibriados.
   346 | D        | Found a sacrificial altar of Ru.
   346 | D        | Found a glowing silver altar of Zin.
   346 | D        | Found a shadowy altar of Dithmenos.
   346 | D        | Found a white marble altar of Elyvilon.
   346 | D        | Noticed a yak
   347 | D        | Found an opulent altar of Gozag.
   348 | D        | Killed a yak
   348 | D        | Reached skill level 13 in Stealth
   349 | D        | Found a sparkling altar of Nemelex Xobeh.
   357 | D        | Became a worshipper of Dithmenos the Shadowed
   397 | D        | Found a burning altar of Makhleb.
   397 | D        | Found a viscous altar of Jiyva.
   397 | D        | Found a shimmering altar of Xom.
   397 | D        | Found a corrupted altar of Lugonu.
   397 | D        | Noticed a slime creature
   400 | D        | Killed a slime creature
   400 | D        | Reached skill level 14 in Stealth
   400 | D        | Reached XP level 7. HP: 59/59 MP: 7/7
  2281 | D        | Noticed Sonja
  2303 | D        | Mangled by Sonja

Skill      XL: |  1  2  3  4  5  6 |
---------------+-------------------+-----
Fighting       | 2 4 5 6 |  6.7
Short Blades   | 4 6 7 9 |  9.2
Dodging        | 4 5 6 7 8 |  8.4
Stealth        | 5 9 11 12 14 | 14.6
Throwing       | |  1.5

Action                   |  1- 3 |  4- 6 |  7- 9 || total
-------------------------+-------+-------+-------++-------
Melee: Unarmed           |     6 |       |       ||     6
       Rapier            |     8 |    14 |     9 ||    31
       Bite              |       |     2 |       ||     2
  Use: Potion            |       |       |     2 ||     2
 Stab: Sleeping          |       |     3 |       ||     3
Armor: Robe              |       |       |     3 ||     3
Dodge: Dodged            |     7 |     4 |    16 ||    27
